 Dungeon Crawl Stone Soup version 0.26.1-2-gb8aa6d0cf2 (webtiles) character file.

Game seed: 15717184798986826000

184 Groucho the Covert (level 5, -4/25 HPs)
             Began as a Spriggan Enchanter on Feb 22, 2021.
             Killed by divine providence
             ... invoked by an orc priest
              (8 damage)
             ... on level 3 of the Dungeon.
             The game lasted 00:09:36 (5097 turns).

Groucho the Covert (Spriggan Enchanter)             Turns: 5097, Time: 00:09:36

Health: -4/25      AC:  3    Str:  5    XL:     5   Next: 36%
Magic:  2/10       EV: 18    Int: 16    God:
Gold:   92         SH:  0    Dex: 17    Spells: 3/9 levels left

rFire    + . .     SeeInvis +   a - +1 dagger
rCold    + . .     Faith    .   (shield restricted)
rNeg     . . .     Spirit   .   b - +1 robe
rPois    .         Reflect  .   (helmet restricted)
rElec    .         Harm     .   o - scarf {rC+ rF+}
rCorr    .         Rampage  .   (gloves unavailable)
Will     .....                  (boots unavailable)
Stlth    ++++......             (no amulet)
HPRegen  0.08/turn              (no ring)
MPRegen  0.12/turn              (no ring)

@: very quick
A: very small, unfitting armour, see invisible, speed 3
a: no special abilities


You were on level 3 of the Dungeon.
You visited 1 branch of the dungeon, and saw 3 of its levels.

You collected 92 gold pieces.

Inventory:

Hand Weapons
 a - a +1 dagger (weapon)
Missiles
 e - an atropa-tipped dart (quivered)
Armour
 b - a +1 robe (worn)
 o - a scarf of resistance (worn)
Jewellery
 c - a cursed amulet of inaccuracy {unknown}
 d - an uncursed ring of resist corrosion {unknown}
 l - an uncursed ring of see invisible {unknown}
Scrolls
 f - 3 scrolls of teleportation
 g - 3 scrolls of fear {unknown}
 i - 2 scrolls of enchant armour
 j - a scroll of remove curse {unknown}
 m - 6 scrolls of identify {unknown}
 n - a scroll of random uselessness {unknown}
 p - a scroll of blinking {unknown}
Potions
 h - a potion of degeneration {unknown}
 k - a potion of cancellation {unknown}
 q - a potion of flight


   Skills:
 - Level 1.2 Fighting
 - Level 1.1 Short Blades
 - Level 0.7 Throwing
 - Level 3.0 Dodging
 + Level 8.8 Stealth
 - Level 2.6 Spellcasting
 - Level 3.6 Hexes
 - Level 0.2 Ice Magic


You had 3 spell levels left.
You knew the following spells:

 Your Spells              Type           Power        Failure   Level
a - Corona                Hex            14%          4%          1
b - Ensorcelled Hibernat  Hex/Ice        16%          13%         2
c - Confusing Touch       Hex            13%          13%         3

Your spell library contained the following spells:

 Spells                   Type           Power        Failure   Level
 Tukima's Dance           Hex            13%          13%         3
 Dazzling Flash           Conj/Hex       14%          28%         3


Dungeon Overview and Level Annotations

Branches:
Dungeon (3/15)

Altars:


Innate Abilities, Weirdness & Mutations

You are very small and have problems with some larger weapons.
You are too small for most types of armour.
You have supernaturally acute eyesight. (SInv)
You cover ground extremely quickly.


Message History

You kill the orc!
Throw: 3 darts (atropa)
Press: ? - help, Q - select action, (/) - cycle Shift-Dir - straight line, f/p - orc priest
Aim: an orc priest, wielding a +1 short sword of protection and wearing a +0 ring mail (63% to hit, chance to blind on hit: 90%)
You throw an atropa-tipped dart.
The atropa-tipped dart hits the orc priest.
The orc priest resists.
The orc priest mumbles some strange prayers to Beogh against you.
Beogh smites you!
Ouch! That really hurt!
* * * LOW HITPOINT WARNING * * *
Unknown command.
Throw: 2 darts (atropa)
Press: ? - help, Q - select action, (/) - cycle Shift-Dir - straight line, f/p - orc priest
Aim: an orc priest, wielding a +1 short sword of protection and wearing a +0 ring mail (63% to hit, chance to blind on hit: 90%)
You throw an atropa-tipped dart.
The atropa-tipped dart closely misses the orc priest.
The orc priest calls down the wrath of Beogh upon you.
Beogh smites you!
You die...

###### ......
######
####### .
+..@oo# #
#..##(#
#..##)#
#..##.o......
#..#########.
#........#
#######
#.######.#
......# #.#
......# #..
#.#


You could see an orc priest and an orc.

Vanquished Creatures
  An orc wizard (D:3)
  Jessica (D:2)
  6 adders
  An ooze (D:1)
  2 worms (D:2)
  3 dart slugs (D:2)
  A leopard gecko (D:1)
  7 orcs (D:3)
  A giant cockroach (D:3)
  4 goblins
  5 hobgoblins
  6 jackals (D:1)
  A quokka (D:3)
  A ball python (D:1)
  6 bats
  4 frilled lizards
  2 kobolds
  4 rats
56 creatures vanquished.

Notes
Turn   | Place    | Note
-------+----------+-------------------------------------------
     0 | D:1      | Groucho the Spriggan Enchanter began the quest for the Orb.
     0 | D:1      | Reached XP level 1. HP: 9/9 MP: 5/5
   181 | D:1      | Reached skill level 5 in Stealth
   466 | D:1      | Reached XP level 2. HP: 10/13 MP: 6/6
   474 | D:1      | Learned a level 2 spell: Ensorcelled Hibernation
  1213 | D:1      | Reached skill level 6 in Stealth
  2078 | D:2      | Reached XP level 3. HP: 13/16 MP: 8/8
  2447 | D:2      | Learned a level 3 spell: Confusing Touch
  3046 | D:2      | Reached skill level 1 in Fighting
  3227 | D:2      | Reached XP level 4. HP: 11/22 MP: 4/9
  3507 | D:2      | Reached skill level 7 in Stealth
  3555 | D:2      | Noticed Jessica
  3562 | D:2      | Killed Jessica
  3759 | D:3      | Reached skill level 8 in Stealth
  3932 | D:3      | Reached XP level 5. HP: 25/25 MP: 2/10
  5097 | D:3      | Killed from afar by an orc priest

Illustrated notes

Levels and vault maps discovered:
D:1:      co_arrival_square_in_a_square_in_a_square, layout_loops_corners,
          st_stairs_1
D:2:      layout_loops_ring, uniq_jessica
D:3:      layout_basic, chequers_ecumenical_altar_simple_redux,
          guppyfry_early_lair_pool

Skill      XL: |  1  2  3  4 |
---------------+-------------+-----
Stealth        | 5 6 8 |  8.8
Fighting       | 1 |  1.2
Short Blades   | |  1.1
Throwing       | |  0.7
Dodging        | |  3.0
Spellcasting   | |  2.6
Hexes          | |  3.6
Ice Magic      | |  0.2

Action                   |  1- 3 |  4- 6 || total
-------------------------+-------+-------++-------
Melee: Dagger            |   116 |    53 ||   169
Throw: Dart              |    26 |    10 ||    36
 Cast: Ensorcelled Hiber |     9 |    17 ||    26
       Confusing Touch   |     1 |     1 ||     2
  Use: Scroll            |     2 |       ||     2
       Potion            |     3 |       ||     3
 Stab: Sleeping          |    18 |    12 ||    30
       Invisible         |     3 |     2 ||     5
       Confused          |       |     1 ||     1
Armor: Robe              |     7 |     8 ||    15
Dodge: Dodged            |   102 |    46 ||   148
